 Dungeon Crawl Stone Soup version 0.29.0-4-gdea44cf6ec (webtiles) character file.

Game seed: 14345685936065860210

447 qw the Chopper (level 6, 0/47 HPs)
             Began as a Demonspawn Cinder Acolyte on Sept 8, 2022.
             Was a Priest of Ignis.
             Slain by Dowan
             ... wielding a +4 dagger of protection
              (5 damage)
             ... on level 4 of the Dungeon on Sept 9, 2022.
             The game lasted 00:01:38 (4911 turns).

qw the Chopper (Demonspawn Cinder Acolyte)          Turns: 4911, Time: 00:01:38

Health: 0/47       AC: 17    Str: 16    XL:     6   Next: 73%
Magic:  7/7        EV:  7    Int: 16    God:    Ignis [***...]
Gold:   103        SH:  0    Dex:  8    Spells: 7/7 levels left

rFire   + . .      SeeInvis .   Y - -1 hand axe (flame)
rCold   . . .      Faith    .   (no shield)
rNeg    . . .      Spirit   .   f - +0 chain mail
rPois   +          Reflect  .   (no helmet)
rElec   .          Harm     .   (no cloak)
rCorr   .          Rampage  .   (no gloves)
Will    .....                   (no boots)
Stlth   ..........              (no amulet)
HPRegen 0.15/turn               b - ring of poison resistance
MPRegen 0.10/turn               (no ring)

@: about to teleport, fiery-armoured
A: claws 2, thin metallic scales 1
a: Renounce Religion, Fiery Armour, Foxfire Swarm, Rising Flame


You were on level 4 of the Dungeon.
You worshipped Ignis.
Ignis was most pleased with you.
You visited 1 branch of the dungeon, and saw 4 of its levels.

You collected 127 gold pieces.
You spent 24 gold pieces at shops.


Innate Abilities, Weirdness & Mutations

You have very sharp fingernails.
You are partially covered in thin metallic scales. (AC +2)


   Skills:
 + Level 3.0 Fighting
 - Level 6.0 Axes
 - Level 1.0 Throwing
 - Level 2.6 Armour
 - Level 1.3 Dodging
 - Level 1.0 Spellcasting
 - Level 2.6 Fire Magic


You had 7 spell levels left.
You didn't know any spells.
Your spell library contained the following spells:

 Spells                   Type           Power      Damage    Failure   Level
 Scorch                   Fire           18%        2d5       90%         2

Inventory:

Hand Weapons
 Y - a -1 hand axe of flaming (weapon)
Armour
 f - a +0 chain mail (worn)
Jewellery
 b - a ring of poison resistance (left claw)
 m - a ring of fire
Scrolls
 a - 3 scrolls of enchant weapon {unknown}
 c - a scroll of silence {unknown}
 j - a scroll of enchant armour
 k - 2 scrolls of identify
Potions
 d - a potion of cancellation {unknown}
 e - a potion of lignification {unknown}
 g - a potion of might
 h - a potion of brilliance {unknown}
 i - 3 potions of curing

Dungeon Overview and Level Annotations

Branches:
Dungeon (4/15)
 Temple: D:4-7

Altars:

Shops:
D:2 ?

Annotations:
D:4 Dowan


Message History

Duvessa barely misses you.
You hit Duvessa. You burn Duvessa.
Duvessa is almost dead.
You closely miss Dowan.
Dowan points at you and mumbles some strange words.
The puff of flame hits you but does no damage.
Duvessa hits you but does no damage.
Duvessa is burned by your cloak of flames.
You kill Duvessa!
Dowan's eyes darken. "You have made a black mistake."
Dowan seems to find hidden reserves of power!
Your Armour skill increases to level 2!
You hit Dowan but do no damage. Dowan gestures at you while chanting.
The shard of ice hits you.
You barely miss Dowan. Dowan hits you but does no damage.
Dowan is burned by your cloak of flames.
Dowan is lightly wounded.
Dowan zaps a wand.
The bolt of light hits you but does no damage.
You miss Dowan.
Dowan is lightly wounded.
Dowan casts a spell.
Dowan blinks!
4907 ||| Stepping ~*~*~tactically~*~*~ (hiding).
Things that are here:
a +0 short sword; a +0 leather armour You start resting.
Dowan is nearby!
Dowan casts a spell at you. The shard of ice hits you!!
You closely miss Dowan.
Dowan is lightly wounded.
Dowan zaps a wand.
The bolt of light hits you!
4911 ||| READING scroll of teleportation.
As you read the scroll of teleportation, it crumbles to dust.
You feel strangely unstable.
Dowan hits you with a +4 dagger of protection.
You die...

##..### ##...#...## #
##..## ##.....## ###
##..## #.....# ..##
###...# #.....##
...#######....##
#......###
...<......>.).#
##........#
...........<..##
#....##....
...............####
#...#######
........#####..e@)#
##)..# # .......##
#####'# #....##
......## ...! ##....#
.....## .......##...##
.....# }.....}..###..##
.....# )...8.....#
##..## .....###
#._.###._.## ##..##
.......##########.#####
##..##
....................#
##..#


You could see Dowan (fast).

Vanquished Creatures
  Duvessa (D:4)
  A hound (D:4)
  An orc priest (D:4)
  An iguana (D:4)
  4 orc wizards
  8 adders
  An ufetubus (D:4)
  A worm (D:2)
  2 dart slugs
  14 orcs
  9 ball pythons
  7 endoplasms
  A giant cockroach (D:3)
  6 goblins
  3 hobgoblins
  2 quokkas
  3 bats
  A frilled lizard (D:1)
  8 kobolds
  3 rats (D:2)
77 creatures vanquished.

Vanquished Creatures (others)
  4 toadstools (D:1)
4 creatures vanquished.

Grand Total: 81 creatures vanquished

Notes
Turn   | Place    | Note
-------+----------+-------------------------------------------
     0 | D:1      | qw the Demonspawn Cinder Acolyte began the quest for the
                  | Orb.
     0 | D:1      | Reached XP level 1. HP: 18/18 MP: 2/2
     0 | D:1      | 0 ||| qw: Version: 0.1-a-112-g44dc6cd
     0 | D:1      | 0 ||| qw: Game counter: 6872
     0 | D:1      | 0 ||| qw: Always use a shield: true
     0 | D:1      | 0 ||| qw: God list: Okawaru
     0 | D:1      | 0 ||| qw: Allow faded altars: false
     0 | D:1      | 0 ||| qw: Do Orc after D:15 true
     0 | D:1      | 0 ||| qw: Do second Lair branch before Depths: true
     0 | D:1      | 0 ||| qw: Lair rune preference: random
     0 | D:1      | 0 ||| qw: Plans: Normal
     0 | D:1      | 0 ||| PLANNING D:1-11
    44 | D:1      | Reached skill level 3 in Axes
    44 | D:1      | 44 ||| Stepping ~*~*~tactically~*~*~ (stealth).
    79 | D:1      | Gained mutation: You are partially covered in thin metallic
                  | scales. (AC +2) [demonic ancestry]
    79 | D:1      | Reached XP level 2. HP: 24/24 MP: 3/3
   117 | D:1      | Reached skill level 1 in Throwing
   349 | D:1      | 349 ||| INVOKING Fiery Armour.
   937 | D:1      | 937 ||| UPGRADING to +0 leather armour.
   947 | D:1      | 947 ||| DROPPING +0 robe.
   948 | D:1      | 948 ||| DROPPING orb of mayhem.
   949 | D:1      | 949 ||| READING scroll labelled YKOCVU UREC.
   969 | D:2      | 969 ||| INVOKING Fiery Armour.
   970 | D:2      | Reached XP level 3. HP: 13/29 MP: 4/4
   970 | D:2      | 970 ||| STAIRDANCE
  1216 | D:2      | 1216 ||| INVOKING Fiery Armour.
  1227 | D:2      | Reached skill level 4 in Axes
  1230 | D:2      | Reached skill level 1 in Dodging
  1230 | D:2      | Gained mutation: You have sharp fingernails. [demonic
                  | ancestry]
  1230 | D:2      | Reached XP level 4. HP: 23/35 MP: 5/5
  1345 | D:2      | Identified the +3 leather armour of the Serpent {-Tele rC+
                  | Dex+4}
  1366 | D:2      | 1366 ||| Stepping ~*~*~tactically~*~*~ (stealth).
  1987 | D:2      | 1987 ||| Stepping ~*~*~tactically~*~*~ (stealth).
  2002 | D:2      | Found Enoygum's Magic Scroll Shop.
  2021 | D:2      | 2021 ||| SHOPLISTING scroll of brand weapon (114 gold, have
                  | 33).
  2021 | D:2      | 2021 ||| SHOPLISTING scroll of enchant armour (90 gold,
                  | have 33).
  2021 | D:2      | 2021 ||| SHOPLISTING scroll of enchant weapon (90 gold,
                  | have 33).
  2021 | D:2      | 2021 ||| BUYING scroll of identify (24 gold).
  2021 | D:2      | Bought a scroll of identify for 24 gold pieces
  2021 | D:2      | 2021 ||| SHOPLISTING scroll of teleportation (36 gold, have
                  | 9).
  2268 | D:2      | 2268 ||| INVOKING Fiery Armour.
  2602 | D:2      | 2602 ||| UPGRADING to ring of poison resistance.
  2603 | D:2      | 2603 ||| READING scroll labelled XEISENEOMO.
  2604 | D:2      | 2604 ||| READING scroll labelled JUOK JIPOIVI.
  2605 | D:2      | 2605 ||| DRINKING 2 metallic silvery potions.
  2769 | D:3      | Gained mutation: You have very sharp fingernails. [demonic
                  | ancestry]
  2769 | D:3      | Reached XP level 5. HP: 35/41 MP: 6/6
  3005 | D:3      | Found a faded altar of an unknown god.
  3186 | D:3      | 3186 ||| Stepping ~*~*~tactically~*~*~ (hiding).
  3201 | D:3      | Reached skill level 5 in Axes
  3206 | D:3      | 3206 ||| FLEEEEING.
  3207 | D:3      | 3207 ||| FLEEEEING.
  3208 | D:3      | 3208 ||| FLEEEEING.
  3209 | D:3      | 3209 ||| FLEEEEING.
  3214 | D:3      | 3214 ||| DRINKING potion of curing.
  3214 | D:3      | 3214 ||| (to cure confusion)
  3221 | D:3      | 3221 ||| FLEEEEING.
  3222 | D:3      | 3222 ||| FLEEEEING.
  3223 | D:3      | 3223 ||| FLEEEEING.
  3224 | D:3      | 3224 ||| FLEEEEING.
  3225 | D:3      | 3225 ||| FLEEEEING.
  3226 | D:3      | 3226 ||| FLEEEEING.
  3227 | D:3      | 3227 ||| FLEEEEING.
  3228 | D:3      | 3228 ||| FLEEEEING.
  3229 | D:3      | 3229 ||| FLEEEEING.
  3230 | D:3      | 3230 ||| FLEEEEING.
  3231 | D:3      | 3231 ||| FLEEEEING.
  3232 | D:3      | 3232 ||| FLEEEEING.
  3233 | D:3      | 3233 ||| FLEEEEING.
  3234 | D:3      | 3234 ||| FLEEEEING.
  3235 | D:3      | 3235 ||| FLEEEEING.
  3236 | D:3      | 3236 ||| FLEEEEING.
  3243 | D:3      | 3243 ||| FLEEEEING.
  3252 | D:3      | 3252 ||| FLEEEEING.
  3253 | D:3      | 3253 ||| FLEEEEING.
  3254 | D:3      | 3254 ||| FLEEEEING.
  3255 | D:3      | 3255 ||| FLEEEEING.
  3256 | D:3      | 3256 ||| FLEEEEING.
  3257 | D:3      | 3257 ||| FLEEEEING.
  3258 | D:3      | 3258 ||| FLEEEEING.
  3259 | D:3      | 3259 ||| FLEEEEING.
  3260 | D:3      | 3260 ||| FLEEEEING.
  3261 | D:3      | 3261 ||| FLEEEEING.
  3262 | D:3      | 3262 ||| FLEEEEING.
  3263 | D:3      | 3263 ||| FLEEEEING.
  3269 | D:3      | 3269 ||| FLEEEEING.
  3270 | D:3      | 3270 ||| FLEEEEING.
  3281 | D:3      | 3281 ||| FLEEEEING.
  3282 | D:3      | 3282 ||| FLEEEEING.
  3283 | D:3      | 3283 ||| FLEEEEING.
  3284 | D:3      | 3284 ||| FLEEEEING.
  3285 | D:3      | 3285 ||| FLEEEEING.
  3286 | D:3      | 3286 ||| FLEEEEING.
  3287 | D:3      | 3287 ||| FLEEEEING.
  3292 | D:3      | 3292 ||| FLEEEEING.
  3293 | D:3      | 3293 ||| FLEEEEING.
  3306 | D:3      | 3306 ||| FLEEEEING.
  3307 | D:3      | 3307 ||| FLEEEEING.
  3308 | D:3      | 3308 ||| FLEEEEING.
  3309 | D:3      | 3309 ||| FLEEEEING.
  3311 | D:3      | 3311 ||| FLEEEEING.
  3312 | D:3      | 3312 ||| FLEEEEING.
  3313 | D:3      | 3313 ||| FLEEEEING.
  3320 | D:3      | 3320 ||| FLEEEEING.
  3321 | D:3      | 3321 ||| FLEEEEING.
  3322 | D:3      | 3322 ||| FLEEEEING.
  3329 | D:3      | 3329 ||| FLEEEEING.
  3331 | D:3      | 3331 ||| Stepping ~*~*~tactically~*~*~ (hiding).
  3332 | D:3      | 3332 ||| Stepping ~*~*~tactically~*~*~ (hiding).
  3361 | D:3      | 3361 ||| INVOKING Fiery Armour.
  3820 | D:3      | 3820 ||| DROPPING +3 leather armour of the Serpent {-Tele
                  | rC+ Dex+4}.
  3821 | D:3      | 3821 ||| UPGRADING to +0 chain mail.
  3831 | D:3      | 3831 ||| DROPPING +0 leather armour.
  3832 | D:3      | 3832 ||| READING scroll labelled INOCIT AXKETU.
  3833 | D:3      | 3833 ||| READING scroll labelled ONYEPPIUDD.
  3860 | D:4      | 3860 ||| Stepping ~*~*~tactically~*~*~ (stealth).
  3861 | D:4      | 3861 ||| Stepping ~*~*~tactically~*~*~ (stealth).
  3862 | D:4      | 3862 ||| Stepping ~*~*~tactically~*~*~ (stealth).
  3863 | D:4      | 3863 ||| Stepping ~*~*~tactically~*~*~ (stealth).
  3876 | D:4      | 3876 ||| INVOKING Fiery Armour.
  3885 | D:4      | Reached skill level 1 in Armour
  3886 | D:4      | Reached XP level 6. HP: 35/47 MP: 7/7
  4347 | D:4      | 4347 ||| Stepping ~*~*~tactically~*~*~ (stealth).
  4392 | D:4      | 4392 ||| INVOKING Fiery Armour.
  4761 | D:4      | Reached skill level 6 in Axes
  4894 | D:4      | Noticed Duvessa
  4894 | D:4      | Noticed Dowan
  4895 | D:4      | 4895 ||| Stepping ~*~*~tactically~*~*~ (hiding).
  4899 | D:4      | 4899 ||| INVOKING Fiery Armour.
  4903 | D:4      | Killed Duvessa
  4907 | D:4      | 4907 ||| Stepping ~*~*~tactically~*~*~ (hiding).
  4910 | D:4      | HP: 5/47 [Dowan/bolt of light (8)]
  4911 | D:4      | 4911 ||| READING scroll of teleportation.
  4911 | D:4      | Slain by Dowan

Levels and vault maps discovered:
D:1:      ldierk_walled_garden_2, layout_basic
D:2:      layout_basic, serial_shops, nicolae_shop_hallway_plus
D:3:      layout_basic, shapermc_ecumenical_altar_venn
D:4:      layout_layer_cave, gammafunk_temple_overflow_pools, uniq_duvessa

Skill      XL: |  1  2  3  4  5  6 |
---------------+-------------------+-----
Axes           | 3 4 5 6 |  6.0
Throwing       | 1 |  1.0
Dodging        | 1 |  1.3
Armour         | 1 2 |  2.6
Fighting       | |  3.0
Spellcasting   | |  1.0
Fire Magic     | |  2.6

Action                   |  1- 3 |  4- 6 || total
-------------------------+-------+-------++-------
Melee: Hand axe          |    61 |   207 ||   268
       Punch             |       |     1 ||     1
Throw: Javelin           |    24 |     3 ||    27
Invok: Fiery Armour      |     3 |     5 ||     8
  Use: Scroll            |     1 |     5 ||     6
       Potion            |       |     2 ||     2
Armor: Robe              |    20 |       ||    20
       Leather armour    |    16 |    44 ||    60
       Chain mail        |       |    64 ||    64
Dodge: Dodged            |    38 |   102 ||   140

Table legend:
 A = Non-vault XP
 B = Vault XP
 C = Vault XP percentage of total XP
 D = Non-vault monster count
 E = Vault monster count
 F = Vault count percentage of total count
                 A         B        C        D         E       F
            +---------+---------+-------+---------+---------+-------
      Total |     504 |     135 |  21.1 |      76 |       1 |   1.3
            +---------+---------+-------+---------+---------+-------
        D:1 |      34 |       0 |   0.0 |      20 |       0 |   0.0
        D:2 |     144 |       0 |   0.0 |      21 |       0 |   0.0
        D:3 |     111 |       0 |   0.0 |      15 |       0 |   0.0
        D:4 |     215 |     135 |  38.6 |      20 |       1 |   4.8
            +---------+---------+-------+---------+---------+-------
